 Dungeon Crawl Stone Soup version 0.21.0-3-g78d12a8 (webtiles) character file.

1521 TheDeThijs the Cleaver (level 8, 0/72 (73) HPs)
             Began as a Hill Orc Fighter on Jan 9, 2018.
             Was a Follower of Beogh.
             Succumbed to a killer bee's poison
             ... on level 7 of the Dungeon.
             The game lasted 00:17:55 (6856 turns).

TheDeThijs the Cleaver (Hill Orc Fighter)           Turns: 6856, Time: 00:17:56

HP:   0/72 (73)     AC: 11    Str: 20    XL:     8   Next: 84%
MP:   8/8           EV:  7    Int:  8    God:    Beogh [*.....]
Gold: 318           SH:  9    Dex: 11    Spells: 7/7 levels left

rFire    . . .     SeeInvis +   a - +0 war axe
rCold    . . .     Gourm    .   c - +0 shield
rNeg     . . .     Faith    .   b - +1 scale mail
rPois    .         Spirit   .   t - +0 helmet
rElec    .         Reflect  .   (no cloak)
rCorr    .         Harm     .   (no gloves)
MR       .....                  (no boots)
Stlth    ..........             (no amulet)
HPRegen  0.00/turn              l - ring of see invisible
MPRegen  0.11/turn              (no ring)

@: lethally poisoned (0 -> -24), non-regenerating, mildly diseased
A: claws 1, slimy green scales 1
a: Renounce Religion


You were on level 7 of the Dungeon.
You worshipped Beogh.
Beogh was aware of your devotion.
You were not hungry.

You visited 1 branch of the dungeon, and saw 7 of its levels.

You collected 318 gold pieces.

Inventory:

Hand Weapons
 a - a +0 war axe (weapon)
Armour
 b - a +1 scale mail (worn)
 c - a +0 shield (worn)
 t - a +0 helmet (worn)
Jewellery
 l - a ring of see invisible (left claw)
Wands
 v - a wand of random effects (17)
Scrolls
 e - a scroll of noise {unknown}
 g - a scroll of magic mapping
 i - a scroll of blinking
 j - 3 scrolls of remove curse
 m - 9 scrolls of identify
 n - 2 scrolls of teleportation
Comestibles
 f - 12 rations


   Skills:
 + Level 7.0 Fighting
 * Level 12.2 Axes
 - Level 3.2 Armour
 - Level 3.2 Shields
 + Level 0.7 Evocations


You had 7 spell levels left.
You didn't know any spells.

Dungeon Overview and Level Annotations

Branches:
Dungeon (7/15)
 Temple: D:4-7

Altars:
Cheibriados
Okawaru
Wu Jian

Shops:
D:5 !   D:6 }

Annotations:
D:3 Gandalfino's ghost, amateur GrFi
D:6 Sigmund


Innate Abilities, Weirdness & Mutations

You have sharp fingernails.
You are partially covered in slimy green scales. (AC +2)


Message History

Unknown command.
You miss the killer bee.
* * * LOW HITPOINT WARNING * * *
You feel sick. The killer bee barely misses you.
You block the killer bee's attack.
You slash the killer bee!
The killer bee is heavily wounded.
* * * LOW HITPOINT WARNING * * *
You feel sick. You block the killer bee's attack.
The killer bee stings you but does no damage.
Unknown command.
You closely miss the killer bee.
The killer bee is heavily wounded.
* * * LOW HITPOINT WARNING * * *
You feel sick. The killer bee closely misses you.
The killer bee barely misses you.
Unknown command.
You closely miss the killer bee.
The killer bee is heavily wounded.
You die...

.........
........############
.........##........#
#.......##.#.#.##.#
#.......##.#.#<...#
#....).(y....#.####
#.....[####.##.#
#......# #.##.#
..>.....# #.y@.#
###.....# ######
#######


You could see a killer bee.

Vanquished Creatures
  Menkaure (D:5)
  A phantom (D:5)
  A necrophage (D:7)
  An ice beast (D:6)
  2 centaurs (D:5)
  A big kobold (D:7)
  A gnoll sergeant (D:6)
  2 scorpions
  2 killer bees (D:7)
  A howler monkey (D:5)
  A bullfrog zombie (D:5)
  2 crimson imps (D:5)
  A hound (D:5)
  2 orc priests (D:3)
  Ijyb (D:4)
  Jessica (D:2)
  2 iguanas (D:5)
  2 orc wizards (D:4)
  Natasha (D:2)
  3 worker ants
  4 gnolls
  4 adders
  An ooze (D:6)
  5 worms
  A dart slug (D:3)
  3 leopard geckos
  12 orcs
  6 bats
  3 giant cockroaches
  9 goblins
  A hobgoblin (D:3)
  2 quokkas
  2 frilled lizards
  9 kobolds
  A leopard gecko skeleton (D:5)
  4 rats
96 creatures vanquished.

Vanquished Creatures (others)
  An orc priest (D:3)
  A frilled lizard (D:3)
2 creatures vanquished.

Grand Total: 98 creatures vanquished

Notes
Turn   | Place    | Note
-------+----------+-------------------------------------------
     0 | D:1      | TheDeThijs the Hill Orc Fighter began the quest for the Orb.
     0 | D:1      | Reached XP level 1. HP: 19/19 MP: 1/1
   463 | D:1      | Reached skill level 3 in Axes
   492 | D:1      | Reached XP level 2. HP: 24/27 MP: 2/2
  1181 | D:2      | Reached XP level 3. HP: 34/34 MP: 3/3
  1217 | D:2      | Noticed Jessica
  1230 | D:2      | Killed Jessica
  1230 | D:2      | Reached skill level 4 in Axes
  1455 | D:2      | Reached XP level 4. HP: 32/41 MP: 4/4
  1700 | D:2      | Reached skill level 5 in Axes
  1711 | D:2      | Noticed Natasha
  1720 | D:2      | Killed Natasha
  1886 | D:2      | Reached XP level 5. HP: 43/47 MP: 5/5
  2349 | D:3      | Noticed Gandalfino's ghost (amateur GrFi)
  2603 | D:2      | You fall through a shaft!
  2608 | D:3      | Became a worshipper of Beogh the Brigand
  2645 | D:3      | Reached skill level 6 in Axes
  2647 | D:3      | HP: 1/47 [worker ant (5)]
  2650 | D:3      | Reached skill level 5 in Fighting
  3174 | D:4      | Noticed Ijyb
  3181 | D:4      | Killed Ijyb
  3181 | D:4      | Reached skill level 7 in Axes
  3181 | D:4      | Reached XP level 6. HP: 8/56 MP: 6/6
  3976 | D:4      | Reached skill level 8 in Axes
  4098 | D:4      | Found a snail-covered altar of Cheibriados.
  4112 | D:4      | Reached * piety under Beogh
  4422 | D:5      | Entered Level 5 of the Dungeon
  4510 | D:5      | Reached XP level 7. HP: 59/61 MP: 7/7
  4835 | D:5      | Found Ygiyzer's Distillery.
  4859 | D:5      | Found an iron altar of Okawaru.
  4967 | D:6      | Reached skill level 9 in Axes
  5175 | D:5      | Reached skill level 10 in Axes
  5457 | D:5      | Noticed Menkaure
  5738 | D:5      | Killed Menkaure
  5738 | D:5      | Reached XP level 8. HP: 37/70 MP: 8/8
  5974 | D:5      | Found a transporter.
  5987 | D:5      | Found a transporter.
  5996 | D:5      | Found an ornate altar of the Wu Jian Council.
  6045 | D:5      | Reached skill level 11 in Axes
  6388 | D:6      | Noticed Sigmund
  6709 | D:6      | Found Ehawkies's Gadget Shop.
  6809 | D:7      | Reached skill level 12 in Axes
  6844 | D:7      | Gained mutation: You have sharp fingernails. [potion of mutation]
  6844 | D:7      | Gained mutation: You are partially covered in slimy green scales. (AC +2) [potion of mutation]
  6854 | D:7      | HP: 3/72 [poisoned by a killer bee]
  6856 | D:7      | Succumbed to a killer bee's poison

Skill      XL: |  1  2  3  4  5  6  7  8 |
---------------+-------------------------+-----
Axes           | 3 4 5 7 8 10 12 | 12.2
Fighting       | 4 5 6 7 |  7.0
Armour         | |  3.2
Shields        | |  3.2
Evocations     | |  0.7

Action                   |  1- 3 |  4- 6 |  7- 9 || total
-------------------------+-------+-------+-------++-------
Melee: War axe           |    72 |   170 |   169 ||   411
Invok: Convert to Beogh  |       |     1 |       ||     1
Evoke: Wand              |       |       |     5 ||     5
  Use: Potion            |       |    10 |     5 ||    15
       Scroll            |       |     9 |     1 ||    10
  Eat: Chunk             |     1 |     7 |     4 ||    12
       Ration            |       |     1 |     1 ||     2
Armor: Scale mail        |    27 |    67 |    82 ||   176
Dodge: Dodged            |    23 |    48 |    57 ||   128
Block: Shield            |    34 |    73 |    82 ||   189
